 Dungeon Crawl Stone Soup version 0.31.0-11-ge490571c62 (webtiles) character file.

Game seed: 17681758522188839580

53 qw the Shooter (level 3, 0/20 HPs)
             Began as a Deep Elf Hunter on Feb 3, 2024.
             Succumbed to their own poison gas
             ... on level 2 of the Dungeon.
             The game lasted 00:00:05 (1499 turns).

qw the Shooter (Deep Elf Hunter)                    Turns: 1499, Time: 00:00:05

Health: 0/20       AC:  7    Str: 10    XL:     3   Next: 64%
Magic:  5/5        EV:  9    Int: 13    God:
Gold:   56         SH:  0    Dex: 18    Spells: 2/2 levels left

rFire   . . .        a - +1 shortbow
rCold   . . .        (shield currently unavailable)
rNeg    . . .        j - +0 scale mail
rPois   .            (no helmet)
rElec   .            (no cloak)
rCorr   .            (no gloves)
SInv    .            l - +0 pair of boots
Will    .....        (no amulet)
Stlth   +            (no ring)
HPRegen 0.23/turn    (no ring)
MPRegen 0.09/turn

%: no passive effects
@: lethally poisoned (0 -> -3)
A: no striking features
a: no special abilities


You were on level 2 of the Dungeon.
You visited 1 branch of the dungeon, and saw 2 of its levels.

You collected 56 gold pieces.


   Skills:
 - Level 1.5 Fighting
 + Level 7.1 Ranged Weapons
 - Level 2.4 Dodging
 - Level 1.2 Stealth


You had 2 spell levels left.
You didn't know any spells.
Your spell library was empty.

Inventory:

Hand Weapons
 a - a +1 shortbow (weapon)
Armour
 j - a +0 scale mail (worn)
 l - a +0 pair of boots (worn)
Potions
 e - a potion of might
 f - a potion of mutation
 h - a potion of curing {unknown}
 i - a potion of heal wounds
 k - a potion of resistance {unknown}

Dungeon Overview and Level Annotations

Branches:
Dungeon (2/15)

Altars:


Message History

1490 ||| IDENTIFYING glowing blue potion
As you read the scroll of identify, it crumbles to dust.
e - a potion of might Done exploring.
1491 ||| READING scroll labelled TIGANI CEAKO.
The air fills with toxic fumes!
As you read the scroll labelled TIGANI CEAKO, it crumbles to dust.
It was a scroll of poison.
Done exploring.
1492 ||| READING scroll labelled SOJADE IMAST.
As you read the scroll labelled SOJADE IMAST, it crumbles to dust.
The air around you briefly surges with heat, but it dissipates.
It was a scroll of immolation.
Done exploring.
What level of the Dungeon? (default 2, ? - help) Sorry, I don't know how to get there.
Enter note:
Enter note:
Enter note:
Enter note:
Enter note:
Enter note:
Enter note:
Enter note:
Enter note: You are engulfed in poison gas.
You are poisoned.
You feel very sick.
1494 ||| Stepping ~*~*~tactically~*~*~ (cloud).
You feel very sick.
You see here a +0 leather armour.
There is a lethal amount of poison in your body!
You feel very sick.
There is a lethal amount of poison in your body!
You feel sick.
There is a lethal amount of poison in your body!
You feel sick.
There is a lethal amount of poison in your body!
You feel sick.
There is a lethal amount of poison in your body!
You die...

.#.# .#.#
.#.##########
#...........#
#..########.#
#..##### ##.###
#......# #....#
#..###.###..#¤####
#......#....#¤00@#
########.#..####¤#
########.##...##¤#
......##.##.####¤#
...##.#.........¤#
...##.######.#####
#####.# #.# #.#
#.# #.# #.#


There were no monsters in sight!

Vanquished Creatures
  2 dart slugs (D:1)
  2 ribbon worms (D:2)
  3 ball pythons
  6 bats
  6 endoplasms
  3 goblins
  4 hobgoblins
  3 jackals (D:1)
  2 frilled lizards (D:1)
  5 kobolds
  5 rats (D:1)
41 creatures vanquished.

Notes
Turn   | Place    | Note
-------+----------+-------------------------------------------
     0 | D:1      | qw the Deep Elf Hunter began the quest for the Orb.
     0 | D:1      | Reached XP level 1. HP: 12/12 MP: 3/3
     0 | D:1      | 0 ||| qw: Version: 0.3-a-157-g843a77d
     0 | D:1      | 0 ||| qw: Game counter: 3709
     0 | D:1      | 0 ||| qw: Melee chars always use a shield: true
     0 | D:1      | 0 ||| qw: God list: Okawaru
     0 | D:1      | 0 ||| qw: Allow faded altars: false
     0 | D:1      | 0 ||| qw: Do Orc after clearing Dungeon:15 true
     0 | D:1      | 0 ||| qw: Do second Lair branch before Depths: true
     0 | D:1      | 0 ||| qw: Lair rune preference: random
     0 | D:1      | 0 ||| qw: Goals: Normal
     0 | D:1      | 0 ||| PLANNING D:1-11
    53 | D:1      | Found a faded altar of an unknown god.
   145 | D:1      | Reached XP level 2. HP: 16/16 MP: 4/4
   149 | D:1      | Reached skill level 6 in Ranged Weapons
   600 | D:1      | Reached XP level 3. HP: 20/20 MP: 5/5
   861 | D:1      | 861 ||| UPGRADING to +0 pair of boots.
   866 | D:1      | 866 ||| READING scroll labelled GERISI NUTU.
   905 | D:1      | 905 ||| READING scroll labelled JETETR XISM.
   909 | D:1      | 909 ||| READING scroll labelled ORUHORPHU TEWAM.
   909 | D:1      | 909 ||| IDENTIFYING smoky orange potion
   910 | D:1      | 910 ||| READING scroll labelled PEOXKE TIADDIC.
   910 | D:1      | 910 ||| ENCHANTING +0 shortbow.
   911 | D:1      | 911 ||| DRINKING 2 clear potions.
   912 | D:1      | 912 ||| DROPPING scroll of butterflies.
  1188 | D:2      | Reached skill level 7 in Ranged Weapons
  1479 | D:2      | 1479 ||| UPGRADING to +0 scale mail.
  1489 | D:2      | 1489 ||| DROPPING +0 leather armour.
  1490 | D:2      | 1490 ||| READING scroll of identify.
  1490 | D:2      | 1490 ||| IDENTIFYING glowing blue potion
  1491 | D:2      | 1491 ||| READING scroll labelled TIGANI CEAKO.
  1492 | D:2      | 1492 ||| READING scroll labelled SOJADE IMAST.
  1494 | D:2      | 1494 ||| Stepping ~*~*~tactically~*~*~ (cloud).
  1495 | D:2      | HP: 5/20 [poisoned by you (poison gas)]
  1497 | D:2      | HP: 2/20 [poisoned by you (poison gas)]
  1499 | D:2      | Succumbed to their own poison gas

Levels and vault maps discovered:
D:1:      minmay_arrival_up_and_down, layout_loops_corners,
          basic_ecumenical_altar
D:2:      layout_basic

Skill      XL: |  1  2  3 |
---------------+----------+-----
Ranged Weapons | 6 7 |  7.1
Fighting       | |  1.5
Dodging        | |  2.4
Stealth        | |  1.2

Action                     || total
---------------------------++-------
   Fire: Shortbow          ||   113
    Use: Scroll            ||     7
         Potion            ||     1
 Armour: Leather armour    ||    20
  Dodge: Dodged            ||    23

Table legend:
 A = Non-vault XP
 B = Vault XP
 C = Vault XP percentage of total XP
 D = Non-vault monster count
 E = Vault monster count
 F = Vault count percentage of total count
                 A         B        C        D         E       F
            +---------+---------+-------+---------+---------+-------
      Total |      77 |       0 |   0.0 |      41 |       0 |   0.0
            +---------+---------+-------+---------+---------+-------
        D:1 |      49 |       0 |   0.0 |      28 |       0 |   0.0
        D:2 |      28 |       0 |   0.0 |      13 |       0 |   0.0
            +---------+---------+-------+---------+---------+-------
